 Dungeon Crawl Stone Soup version 0.24.1 (webtiles) character file.

Game seed: 16022274079696039858, levelgen mode: deterministic

896 Destapler the Gusty (level 8, -5/48 HPs)
             Began as a Tengu Air Elementalist on Mar 29, 2020.
             Was an Initiate of Vehumet.
             Slain by Duvessa
             ... wielding a +0 rapier
              (13 damage)
             ... on level 5 of the Dungeon.
             The game lasted 00:23:42 (3279 turns).

Destapler the Gusty (Tengu Air Elementalist)        Turns: 3279, Time: 00:23:44

Health: -5/48      AC:  5    Str: 10    XL:     8   Next: 7%
Magic:  9/15       EV: 16    Int: 16    God:    Vehumet [......]
Gold:   336        SH:  0    Dex: 15    Spells: 10/15 levels left

rFire    . . .     SeeInvis .   a - +0 dagger (venom)
rCold    . . .     Gourm    .   (no shield)
rNeg     . . .     Faith    +   e - +2 robe {Archmagi}
rPois    .         Spirit   .   (helmet restricted)
rElec    .         Reflect  .   j - +0 cloak
rCorr    .         Harm     .   (no gloves)
MR       .....                  (boots unavailable)
Stlth    +++.......             s - amulet of faith
HPRegen  0.16/turn              (no ring)
MPRegen  0.14/turn              (no ring)

@: flying quickly and evasively, quick
A: beak, talons 3, able to fly
a: Stop Flying, Renounce Religion


You were on level 5 of the Dungeon.
You worshipped Vehumet.
Vehumet was noncommittal.
You were not hungry.

You visited 2 branches of the dungeon, and saw 6 of its levels.

You collected 336 gold pieces.

Inventory:

Hand Weapons
 a - a +0 dagger of venom (weapon)
 b - a +0 mace
 A - a +0 whip of venom
Missiles
 p - 118 stones (quivered)
 v - 5 boomerangs
 w - 9 poisoned darts
 z - 5 javelins
Armour
 e - a +2 robe of the Archmagi (worn)
 j - a +0 cloak (worn)
Jewellery
 s - an amulet of faith (around neck)
 t - an uncursed ring of protection from magic {unknown}
Wands
 y - a wand of disintegration (16)
Scrolls
 f - 2 scrolls of fear {unknown}
 g - a scroll of enchant weapon {unknown}
 h - a scroll of random uselessness {unknown}
 i - 3 scrolls of enchant armour {unknown}
 l - 9 scrolls of identify {unknown}
 n - 2 scrolls of immolation {unknown}
 u - a scroll of teleportation {unknown}
 x - 3 scrolls of remove curse {unknown}
Potions
 k - a potion of lignification {unknown}
 m - a potion of heal wounds {unknown}
 o - 2 potions of might {unknown}
 q - 6 potions of curing {unknown}
 r - a potion of resistance {unknown}
Comestibles
 c - 8 rations
 d - a chunk of flesh


   Skills:
 + Level 4.5 Fighting
 + Level 1.4 Short Blades
 + Level 1.2 Armour
 + Level 2.8 Dodging
 + Level 3.9 Stealth
 - Level 4.0 Spellcasting
 - Level 4.0 Conjurations
 + Level 5.9 Air Magic
 + Level 1.1 Evocations


You had 10 spell levels left.
You knew the following spells:

 Your Spells              Type           Power        Failure   Level  Hunger
a - Shock                 Conj/Air       ####         2%          1    None
b - Airstrike             Air            ####......   14%         4    ####...

Your spell library contained the following spells:

 Spells                   Type           Power        Failure   Level  Hunger
 Static Discharge         Conj/Air       ####....     7%          3    ###....
 Swiftness                Chrm/Air       ###.....     8%          2    ##.....
 Lightning Bolt           Conj/Air       ####......   52%         5    ######.


Dungeon Overview and Level Annotations

Branches:
Dungeon (5/15)             Temple (1/1) D:4

Altars:
Cheibriados
Elyvilon
Fedhas
Gozag
Okawaru
Qazlal
Sif Muna
Trog
Uskayaw
Vehumet
Wu Jian
Xom
Yredelemnul
Zin
The Shining One

Annotations:
D:5 Duvessa


Innate Abilities, Weirdness & Mutations

You have a beak for a mouth.
You have claws for feet.
You can fly continuously.


Message History

Confirm with . or Enter, or press ? or * to list all spells.
Aiming: Shock (safe; 2% risk of failure)
Press: ? - help, Shift-Dir - straight line You feel a surge of power!
The zap hits Duvessa!
Duvessa is heavily wounded.
The zap misses Dowan.
The zap hits Dowan!
You kill Dowan!
Vehumet accepts your kill.
Duvessa screams in rage.
Duvessa goes berserk!
The zap hits Duvessa.
Duvessa is heavily wounded.
Duvessa hits you with a +0 rapier!
* * * LOW HITPOINT WARNING * * *
You hit Duvessa.
Duvessa is poisoned.
Your kick misses Duvessa. You peck Duvessa, but do no damage.
Duvessa is heavily wounded.
Duvessa hits you with a +0 rapier!
* * * LOW HITPOINT WARNING * * *
Duvessa hits you with a +0 rapier!
You die...

#.# #.# #.#
#.# #.# #.#
#.# #.# #@#
#e# #)#
#)...ยง....
##########


You could see Duvessa (berserk).

Vanquished Creatures
  Prince Ribbit (D:5)
  2 ice beasts
  Blork the orc (D:4)
  Dowan (D:5)
  A howler monkey (D:4)
  A crimson imp (D:4)
  A hound (D:4)
  An orc wizard (D:3)
  2 worker ants (D:4)
  6 adders
  8 gnolls (D:3)
  A worm (D:3)
  3 leopard geckos
  12 orcs
  2 ball pythons (D:1)
  2 giant cockroaches
  6 goblins
  5 hobgoblins
  11 jackals
  4 kobolds
  3 quokkas
  A ball python skeleton (D:4)
  9 bats
  5 frilled lizards
  13 rats
102 creatures vanquished.

Notes
Turn   | Place    | Note
-------+----------+-------------------------------------------
     0 | D:1      | Destapler the Tengu Air Elementalist began the quest for
                  | the Orb.
     0 | D:1      | Reached XP level 1. HP: 10/10 MP: 4/4
   366 | D:1      | Reached XP level 2. HP: 16/16 MP: 6/6
   446 | D:1      | Reached skill level 1 in Fighting
   612 | D:1      | Reached XP level 3. HP: 20/20 MP: 4/7
   819 | D:2      | Found an opulent altar of Gozag.
  1107 | D:2      | Reached XP level 4. HP: 26/26 MP: 7/9
  1332 | D:2      | Noticed an ice beast
  1358 | D:2      | Killed an ice beast
  1358 | D:2      | Gained mutation: You can fly continuously. [Tengu growth]
  1358 | D:2      | Reached XP level 5. HP: 14/32 MP: 0/11
  1691 | D:3      | Reached XP level 6. HP: 37/37 MP: 4/12
  1717 | D:3      | Noticed a +0 dagger
  1717 | D:3      | Noticed a +0 dagger
  1719 | D:3      | Found a hide-covered altar of Uskayaw.
  2395 | D:3      | Noticed an ice beast
  2403 | D:3      | Killed an ice beast
  2403 | D:3      | Reached skill level 5 in Air Magic
  2412 | D:3      | Learned a level 4 spell: Airstrike
  2466 | D:4      | Reached XP level 7. HP: 40/43 MP: 10/14
  2661 | D:4      | Found a staircase to the Ecumenical Temple.
  2662 | D:4      | Noticed Blork the orc
  2780 | D:4      | Killed Blork the orc
  2799 | Temple   | Entered the Ecumenical Temple
  2812 | Temple   | Became a worshipper of Vehumet
  3248 | D:5      | Entered Level 5 of the Dungeon
  3263 | D:5      | Noticed Prince Ribbit
  3263 | D:5      | Noticed Duvessa
  3263 | D:5      | Noticed Dowan
  3274 | D:5      | Killed Prince Ribbit
  3274 | D:5      | Reached skill level 1 in Short Blades
  3274 | D:5      | Reached skill level 1 in Armour
  3274 | D:5      | Reached skill level 1 in Evocations
  3274 | D:5      | Reached XP level 8. HP: 42/48 MP: 10/15
  3278 | D:5      | Killed Dowan
  3279 | D:5      | Slain by Duvessa

Levels and vault maps discovered:
D:1:      doesnt_arrival_eight_statues, layout_rooms,
          wander_ebering_terrifying_dragon_lair
D:2:      layout_rooms, nicolae_gozag_cash_rules_everything_around_me
D:3:      layout_loops_ring, dancing_weapons_uskayaw, serial_forest,
          infiniplex_forest_clump_diagonal, infiniplex_forest_straight_1,
          infiniplex_forest_clump_diagonal, infiniplex_forest_end_3,
          infiniplex_forest_join, infiniplex_forest_clump_small,
          infiniplex_forest_lined_room_2, minmay_liquid_box
D:4:      layout_rooms, temple_pool_b, first_ration, minmay_pentangle,
          uniq_blork_the_orc
D:5:      layout_basic, kiku_gazebo_garden_becter,
          ashenzari_conservatory_becter, gammafunk_ghost_nasty_kobolds,
          minmay_tree_intersection, uniq_prince_ribbit1, uniq_duvessa,
          uniq_grinder
Temple:   cyrus_circular_temple

Skill      XL: |  1  2  3  4  5  6  7 |
---------------+----------------------+-----
Fighting       | 1 2 3 4 |  4.5
Spellcasting   | 3 4 |  4.0
Conjurations   | 2 3 4 |  4.0
Stealth        | 3 |  3.9
Air Magic      | 5 |  5.9
Short Blades   | 1 |  1.4
Armour         | 1 |  1.2
Evocations     | 1 |  1.1
Dodging        | |  2.8

Action                   |  1- 3 |  4- 6 |  7- 9 || total
-------------------------+-------+-------+-------++-------
Melee: Unarmed           |     9 |       |       ||     9
       Mace              |     8 |       |       ||     8
       Kick              |    12 |    14 |     7 ||    33
       Peck              |     5 |     9 |     8 ||    22
       Dagger            |    37 |    56 |    36 ||   129
 Cast: Shock             |    50 |    64 |    31 ||   145
 Abil: Fly               |       |     1 |       ||     1
 Stab: Sleeping          |     1 |     2 |       ||     3
  Eat: Chunk             |     1 |     4 |     3 ||     8
Armor: Robe              |    17 |    32 |    10 ||    59
Dodge: Dodged            |    49 |    57 |    33 ||   139
